 Dungeon Crawl Stone Soup version 0.22.1-2-g9c5b331383 (webtiles) character file.

58 KamiKatze the Poker (level 4, -2/52 HPs)
             Began as a Merfolk Berserker on Nov 16, 2018.
             Was a Believer of Trog.
             Slain by a goblin
             ... wielding a +0 dagger
             ... led by Robin
              (4 damage)
             ... on level 2 of the Dungeon.
             The game lasted 00:03:04 (1629 turns).

KamiKatze the Poker (Merfolk Berserker)             Turns: 1629, Time: 00:03:04

Health: -2/52      AC:  2    Str: 23    XL:     4   Next: 1%
Magic:  4/4        EV: 13    Int:  6    God:    Trog [**....]
Gold:   92         SH:  0    Dex: 13    Spells: 3/3 levels left

rFire    . . .     SeeInvis .   a - +0 spear
rCold    . . .     Gourm    .   (no shield)
rNeg     . . .     Faith    .   b - +0 animal skin
rPois    .         Spirit   .   (no helmet)
rElec    .         Reflect  .   (no cloak)
rCorr    .         Harm     .   (no gloves)
MR       ++...                  (no boots)
Stlth    ..........             (no amulet)
HPRegen  1.17/turn              (no ring)
MPRegen  0.09/turn              (no ring)

@: berserking, regenerating, very quick
A: change form in water, swift swim, stealthy swim
a: Berserk, Trog's Hand, Renounce Religion


You were on level 2 of the Dungeon.
You worshipped Trog.
Trog was pleased with you.
You were near starving.

You visited 1 branch of the dungeon, and saw 2 of its levels.

You collected 92 gold pieces.

Inventory:

Hand Weapons
 a - a +0 spear (weapon)
Missiles
 d - 25 stones (quivered)
Armour
 b - a +0 animal skin (worn)
Potions
 e - a potion of mutation {unknown}
Comestibles
 c - 2 rations
 f - 4 chunks of flesh


   Skills:
 + Level 3.5 Fighting
 * Level 5.2 Polearms
 + Level 1.0 Throwing
 * Level 2.0 Armour
 + Level 3.3 Dodging


You had 3 spell levels left.
You didn't know any spells.
Your spell library was empty.

Dungeon Overview and Level Annotations

Branches:
Dungeon (2/15)

Altars:

Annotations:
D:2 Robin


Message History

Robin throws the goblin at you! The goblin barely misses you.
The goblin unwields an uncursed dagger.
The goblin wields a hunting sling.
The goblin shoots a sling bullet.
The sling bullet hits you. Robin throws the goblin at you!
The goblin hits you with a dagger!
* * * LOW HITPOINT WARNING * * *
The goblin barely misses you. x2
Your skin crawls.
You feel resistant to hostile enchantments.
You are feeling hungry.
Robin throws the goblin at you!
* * * LOW HITPOINT WARNING * * *
The goblin completely misses you. The goblin hits you.
* * * LOW HITPOINT WARNING * * *
A red film seems to cover your vision as you go berserk!
You feel yourself moving faster!
You feel mighty!
You are near starving!
The goblin unwields an uncursed hunting sling.
The goblin wields an uncursed dagger.
The goblin barely misses you. The goblin hits you with a dagger.
You die...

...####.###......
######............####
.$g...).........(.....
#####)###........###
#............#######
#...................
####..g.........#######
#......g.....##.#
#.....@g.....##.# ####
#.....g.......... #....
#.......###.###.# #.###
#.......# #.# #.#
#.......# #.###.#
#.......###..##.#
#..........#.##.# ###
#..........#.##.# #..
#######....#..#.# #.#


You could see Robin and 3 goblins.

Vanquished Creatures
  An adder (D:2)
  An ooze (D:2)
  2 dart slugs (D:1)
  4 bats
  8 goblins
  2 hobgoblins (D:1)
  9 jackals (D:1)
  3 frilled lizards
  6 kobolds
  A rat (D:1)
37 creatures vanquished.

Notes
Turn   | Place    | Note
-------+----------+-------------------------------------------
     0 | D:1      | KamiKatze the Merfolk Berserker began the quest for the
                  | Orb.
     0 | D:1      | Reached XP level 1. HP: 18/18 MP: 1/1
   327 | D:1      | Reached XP level 2. HP: 11/24 MP: 2/2
   910 | D:1      | Reached skill level 5 in Polearms
   910 | D:1      | Reached XP level 3. HP: 27/29 MP: 3/3
  1375 | D:2      | Reached ** piety under Trog
  1467 | D:2      | Reached skill level 1 in Throwing
  1611 | D:2      | Noticed Robin
  1622 | D:2      | Reached XP level 4. HP: 30/35 MP: 4/4
  1628 | D:2      | HP: 1/35 [goblin[Robin] (4)]
  1629 | D:2      | Slain by a goblin

Skill      XL: |  1  2  3 |
---------------+----------+-----
Dodging        | 3 |  3.3
Polearms       | 5 |  5.2
Throwing       | 1 |  1.0
Armour         | 2 |  2.0
Fighting       | |  3.5

Action                   |  1- 3 |  4- 6 || total
-------------------------+-------+-------++-------
Melee: Spear             |   126 |     1 ||   127
Throw: Stone             |     2 |       ||     2
Invok: Berserk           |       |     1 ||     1
       Trog's Hand       |       |     1 ||     1
 Stab: Sleeping          |     2 |       ||     2
  Eat: Chunk             |     2 |       ||     2
Armor: Animal skin       |    11 |     2 ||    13
Dodge: Dodged            |    48 |     7 ||    55
